 Dungeon Crawl Stone Soup version 0.32-a0-768-g0f6f1dd4b9 (webtiles) character file.

Game seed: 442346315060102438

6003 ezpacito the Trooper (level 10, -14/79 HPs)
             Began as a Coglin Chaos Knight on Mar 18, 2024.
             Was a Plaything of Xom.
             Demolished by an orc knight
             ... wielding a +0 glaive
              (16 damage)
             ... in a bailey.
             The game lasted 00:11:49 (9452 turns).

ezpacito the Trooper (Coglin Chaos Knight)          Turns: 9452, Time: 00:11:49

Health: -14/79     AC: 16    Str: 16    XL:     10   Next: 85%
Magic:  14/14      EV:  8    Int: 16    God:    Xom [.*....]
Gold:   519        SH:  0    Dex: 12    Spells: 10/15 levels left

rFire   . . .        l - +4 broad axe (spect) {Titus}
rCold   . . .        c - +4 hand axe (chaos) {Cipactli}
rNeg    . . .        o - +0 chain mail
rPois   .            (no helmet)
rElec   .            B - +2 cloak
rCorr   .            (no gloves)
SInv    .            j - +0 pair of boots
Will    .....        (amulet unavailable) Stlth
                     (ring unavailable)
HPRegen 0.33/turn    (ring unavailable)
MPRegen 0.14/turn    (no gizmo)

%: random rage (3%)
@: no status effects
A: off-hand wielding, slow wielding, warmup strikes, no jewellery, iridescent
scales 1, berserk 1, clever 1, evolution 1, persistent drain
a: Invent Gizmo, Renounce Religion


You were in a bailey.
You worshipped Xom.
You were a plaything of Xom.
You visited 2 branches of the dungeon, and saw 11 of its levels.
You also visited: Bailey.

You collected 571 gold pieces.
You spent 52 gold pieces at shops.

Inventory:

Hand Weapons
 a - a +0 hand axe of chaos {Bangon}
 c - a +4 hand axe of chaos (offhand) {Cipactli}
 e - a +2 trident
 g - a +5 hand axe
 l - a +4 spectral broad axe (weapon) {Titus}
 r - a +2 morningstar of holy wrath {Thoko}
Missiles
 b - 33 poisoned darts
 s - 6 curare-tipped darts (quivered)
 C - 6 javelins
 E - 3 throwing nets
Armour
 d - a scarf of repulsion
 j - a +0 pair of boots (worn)
 n - a +0 plate armour
 o - a +0 chain mail (worn)
 v - the +0 robe "Boemo" {rElec}
   (You found it on level 4 of the Dungeon)

   rElec:     It insulates you from electricity.
 B - a +2 cloak (worn)
Talismans
 u - a blade talisman
Wands
 i - a wand of paralysis (3)
 x - a wand of flame (46)
 y - a wand of warping (3)
Scrolls
 f - a scroll of vulnerability
 h - a scroll of revelation
 t - 2 scrolls of teleportation
 F - a scroll of poison
Potions
 k - a potion of attraction
 m - a potion of magic
 p - 2 potions of lignification


   Skills:
 * Level 7.3 Fighting
 * Level 7.1(8.1) Axes
 + Level 3.6(5.5) Maces & Flails
 + Level 3.5(5.5) Polearms
 * Level 6.0 Armour
 * Level 5.9 Dodging
 + Level 3.6 Stealth
 + Level 3.2 Spellcasting
 + Level 4.1 Alchemy


You had 10 spell levels left.
You knew the following spells:

 Your Spells              Type           Power      Damage    Failure   Level
a - Sting                 Conj/Alch      36%        1d5       61%         1
b - Olgreb's Toxic Radia  Alch           16%        N/A       97%         4

Your spell library contained the following spells:

 Spells                   Type           Power      Damage    Failure   Level
 Mercury Vapours          Alch/Air       18%        N/A       75%         2
 Call Canine Familiar     Summ           2%         N/A       99%         3
 Inner Flame              Hex/Fire       2%         N/A       99%         3
 Sigil of Binding         Hex            2%         N/A       99%         3
 Dimensional Bullseye     Hex/Tloc       1%         N/A       100%        4
 Flame Wave               Conj/Fire      2%         2d4       100%        4
 Sticky Flame             Fire/Alch      9%         2d5       100%        4


Dungeon Overview and Level Annotations

Branches:
Dungeon (10/15)            Temple (1/1) D:5            Lair (0/5) D:9
 Bailey (1/1)
    Orc: D:9-12

Altars:
Ashenzari
Cheibriados
Dithmenos
Elyvilon
Fedhas
Gozag
Hepliaklqana
Kikubaaqudgha
Makhleb
Nemelex Xobeh
Okawaru
Qazlal
Ru
Sif Muna
Trog
Uskayaw
Vehumet
Wu Jian
Xom
Yredelemnul
The Shining One

Shops:
D:2 !   D:8 (


Innate Abilities, Weirdness & Mutations

You can wield a second weapon in your off-hand.
It takes a long time for you to wield or remove held weapons.
Your first few attacks do less damage.
You cannot equip rings or amulets.
You are partially covered in iridescent scales. (AC +2)
You sometimes lose your temper in combat.
Your mind is acute. (Int +4, Str/Dex -1)
You have hidden genetic potential.
Your health recovers twice as slowly from being drained.


Message History

Space twists violently!
The rupture engulfs the orc warrior!
You kill the orc warrior!
The rupture engulfs the orc warrior!
The orc warrior blinks!
The orc warrior is severely wounded.
The rupture engulfs the orc warrior.
The orc warrior blinks!
The orc warrior is almost dead.
The orc warrior hits you from afar with a +0 spear!
* * * LOW HITPOINT WARNING * * *
You take 13 damage, and have 18/79 hp.
Aiming: Warp Space
Press: ? - help, Shift-Dir - straight line, f/p - orc warrior
Aim: an orc warrior, wielding a +0 spear and wearing a +0 scale mail (almost dead, strong, chance to blink: 50%) Space twists violently!
The rupture engulfs the orc warrior.
You kill the orc warrior!
Aiming: Warp Space
Press: ? - help, Shift-Dir - straight line, f - orc knight
Aim: an orc knight, wielding a +0 glaive and wearing a +0 chain mail (moderately wounded, chance to blink: 50%) Space twists violently!
The rupture engulfs the orc knight but does no damage.
The orc knight blinks!
The orc knight is moderately wounded.
Aiming: Warp Space
Press: ? - help, Shift-Dir - straight line, f/p - orc knight
Aim: an orc knight, wielding a +0 glaive and wearing a +0 chain mail (moderately wounded, chance to blink: 50%) Space twists violently!
The rupture engulfs the orc knight!
The orc knight blinks!
The orc knight is moderately wounded.
The orc knight hits you with a +0 glaive!
* * * LOW HITPOINT WARNING * * *
You take 16 damage, and have 2/79 hp.
MASSIVE DAMAGE!!
Okay, then.
Okay, then.
Okay, then.
Aiming: Paralyse
Press: ? - help, Shift-Dir - straight line, f/p - orc knight
Aim: an orc knight, wielding a +0 glaive and wearing a +0 chain mail (moderately wounded, chance to affect: 31%)
The orc knight easily resists.
The orc knight hits you with a +0 glaive!
You die...
Xom guffaws!

.........##..#'#'#..## ........
.........#..##.#)##..#...........
........##.#########.##..........
........##.')#|."#)'.##..........
........##.###._.###.##..........
........##.).#.§§#)'.##..........
........##.####)####.##..........
........##..##∩.∩##..#...........
............##'o@#..##......)....
............##....)##.....)......
..≈≈.≈≈≈....##.)..##...≈≈≈)≈≈....
.≈≈#.##≈....#######....≈##)#≈≈...
.≈##.∩#≈...............≈#∩.##≈...
.≈#.))))....................#≈...
.≈##.##≈...............≈##.##≈...
.≈≈###≈≈...............≈≈###≈≈...
..≈≈≈≈≈.................≈≈≈≈≈....


You could see an orc knight.

Vanquished Creatures
  An elephant (D:9)
  A troll (D:9)
  Prince Ribbit (D:6)
  3 yaks
  A basilisk (D:8)
  2 ice beasts
  A sky beast (D:7)
  3 black bears
  11 orc warriors
  3 centaurs
  4 kobold brigands
  3 phantoms
  A bullfrog (D:8)
  2 scorpions (D:6)
  14 wights
  3 killer bees (D:7)
  8 howler monkeys
  2 gnoll boudas
  6 orc priests
  Crazy Yiuf (D:5)
  Jessica (D:3)
  3 iguanas
  8 orc wizards
  12 gnolls
  4 adders
  A shadow imp (D:7)
  3 white imps (D:7)
  2 ufetubi (D:7)
  2 dart slugs
  2 ribbon worms
  47 orcs
  5 ball pythons
  8 endoplasms
  4 giant cockroaches
  9 goblins
  7 hobgoblins
  2 jackals (D:1)
  17 kobolds
  6 quokkas
  9 bats
  6 frilled lizards
  7 rats
236 creatures vanquished.

Vanquished Creatures (collateral kills)
  A phantom (D:4)
  A sleepcap (D:4)
  An orc wizard (D:4)
  An endoplasm (D:4)
  A giant cockroach (D:4)
  A goblin (D:4)
  A hobgoblin (D:4)
  A ball python (D:4)
8 creatures vanquished.

Vanquished Creatures (others)
  A kobold zombie (D:9)
1 creature vanquished.

Grand Total: 245 creatures vanquished

Notes
Turn   | Place    | Note
-------+----------+-------------------------------------------
     0 | D:1      | ezpacito the Coglin Chaos Knight began the quest for the
                  | Orb.
     0 | D:1      | Reached XP level 1. HP: 18/18 MP: 1/1
    65 | D:1      | XOM: silly message
   137 | D:1      | XOM: silly message
   179 | D:1      | Reached skill level 1 in Dodging
   180 | D:1      | Reached XP level 2. HP: 24/24 MP: 2/2
   211 | D:1      | XOM: divination: detect items
   424 | D:1      | XOM: silly message
   481 | D:1      | Reached XP level 3. HP: 24/29 MP: 3/3
   740 | D:1      | XOM: god gift: inky potion {god gift}
   764 | D:1      | XOM: god gift: 6 curare-tipped darts
   799 | D:1      | XOM: divination: detect creatures
  1075 | D:2      | Found Dereqoan's Distillery.
  1084 | D:2      | Learned a level 1 spell: Sting
  1088 | D:2      | Bought a potion of degeneration for 13 gold pieces
  1088 | D:2      | Bought a potion of lignification for 39 gold pieces
  1136 | D:2      | XOM: divination: magic mapping
  1393 | D:2      | Reached XP level 4. HP: 35/35 MP: 4/4
  1455 | D:2      | XOM: silly message
  1606 | D:3      | Reached skill level 1 in Stealth
  1622 | D:3      | Reached XP level 5. HP: 40/42 MP: 5/5
  1714 | D:3      | Noticed Jessica
  1716 | D:3      | XOM: potion effect (might)
  1718 | D:3      | Killed Jessica
  2025 | D:3      | Learned a level 4 spell: Olgreb's Toxic Radiance
  2041 | D:4      | XOM: cast spell 'Summon Cactus Giant'
  2211 | D:4      | Reached skill level 1 in Polearms
  2211 | D:4      | Reached skill level 1 in Alchemy
  2220 | D:4      | Reached XP level 6. HP: 44/48 MP: 7/7
  2263 | D:4      | Identified the +0 robe "Boemo" {rElec}
  2304 | D:4      | Reached skill level 1 in Spellcasting
  2305 | D:4      | XOM: cloud trail
  2383 | D:4      | XOM: 8-stop teleportation journey
  2487 | D:4      | Found a sparkling altar of Nemelex Xobeh.
  2720 | D:5      | Entered Level 5 of the Dungeon
  2774 | D:5      | Found a staircase to the Ecumenical Temple.
  2841 | Temple   | Entered the Ecumenical Temple
  2853 | D:5      | Found a radiant altar of Vehumet.
  2955 | D:5      | XOM: god gift: 4 stones
  3011 | D:5      | Reached skill level 1 in Maces & Flails
  3011 | D:5      | Reached XP level 7. HP: 35/54 MP: 8/8
  3164 | D:5      | Found a runed translucent door.
  3165 | D:5      | Noticed Crazy Yiuf
  3334 | D:5      | XOM: confusion (+ monsters)
  3579 | D:5      | Killed Crazy Yiuf
  3697 | D:6      | Noticed Prince Ribbit
  3708 | D:6      | XOM: swap monsters
  3721 | D:6      | Killed Prince Ribbit
  3827 | D:6      | XOM: chaos upgrade
  3940 | D:6      | Reached XP level 8. HP: 60/61 MP: 10/10
  4274 | D:6      | Found a broken altar of Ashenzari.
  4284 | D:6      | XOM: stat loss: -1 Int (11/12)
  4349 | D:6      | Reached skill level 5 in Fighting
  4535 | D:6      | XOM: 3-stop teleportation journey
  4573 | D:6      | XOM: divination: magic mapping
  5045 | D:6      | Reached skill level 5 in Axes
  5110 | D:6      | XOM: divination: detect items
  5345 | D:7      | XOM: enchant monster (good)
  5466 | D:7      | Reached XP level 9. HP: 48/68 MP: 12/12
  5579 | D:7      | XOM: 3-stop teleportation journey
  5606 | D:7      | XOM: enchant monster (bad)
  6006 | D:7      | XOM: enchant monster (bad)
  6391 | D:8      | Found an ornate altar of the Wu Jian Council.
  6546 | D:8      | XOM: divination: detect items
  6547 | D:8      | Reached skill level 5 in Armour
  6805 | D:8      | XOM: summons 4 hostile demons
  6885 | D:8      | Found Jithitas's Weapon Emporium.
  6890 | D:8      | XOM: draining
  6892 | D:8      | Reached skill level 5 in Dodging
  7487 | D:8      | Reached XP level 10. HP: 61/74 MP: 14/14
  7520 | D:8      | XOM: stat loss: -1 Int (11/12)
  7591 | D:8      | XOM: silly message
  7765 | D:8      | Found a bloodstained altar of Trog.
  7896 | D:9      | Found a staircase to the Lair.
  7896 | D:9      | Noticed an elephant
  7896 | D:9      | XOM: 1-stop teleportation journey
  7905 | D:9      | Killed an elephant
  8037 | D:9      | XOM: swap monsters
  8394 | D:9      | XOM: give mutations
  8394 | D:9      | Gained mutation: Your health recovers twice as slowly from
                  | being drained. [Xom's mischief]
  8394 | D:9      | Gained mutation: Your body sometimes deteriorates upon
                  | taking damage. [Xom's mischief]
  8394 | D:9      | Gained mutation: You sometimes lose your temper in combat.
                  | [Xom's mischief]
  8394 | D:9      | Gained mutation: Your body often deteriorates upon taking
                  | damage. [Xom's mischief]
  8397 | D:9      | Lost mutation: Your body often deteriorates upon taking
                  | damage. [potion of mutation]
  8397 | D:9      | Lost mutation: Your body sometimes deteriorates upon taking
                  | damage. [potion of mutation]
  8397 | D:9      | Gained mutation: Your mind is acute. (Int +4, Str/Dex -1)
                  | [potion of mutation]
  8397 | D:9      | Gained mutation: You are partially covered in iridescent
                  | scales. (AC +2) [potion of mutation]
  8598 | D:10     | Entered Level 10 of the Dungeon
  8600 | D:10     | Found a flagged portal.
  8760 | Bailey   | Entered a bailey
  8838 | Bailey   | XOM: summons 6 hostile demons
  8849 | Bailey   | XOM: 2-stop teleportation journey
  9191 | Bailey   | XOM: give mutation
  9191 | Bailey   | Gained mutation: You have hidden genetic potential. [Xom's
                  | mischief]
  9443 | Bailey   | Found a roughly hewn altar of Beogh.
  9443 | Bailey   | Noticed an orc knight
  9451 | Bailey   | HP: 2/79 [orc knight/+0 glaive (17)]
  9452 | Bailey   | Demolished by an orc knight

Illustrated notes

Levels and vault maps discovered:
D:1:      dpeg_arrival_simpleton_c, layout_loops_corners, serial_forest,
          infiniplex_forest_lined_2, infiniplex_forest_lined_2,
          infiniplex_forest_clump_C, infiniplex_forest_lined_2
D:2:      layout_basic, serial_shops, shop
D:3:      layout_rooms, serial_park_tiny_pond, uniq_jessica
D:4:      layout_loops_ring, nemelex_spade_bored_becter,
          minmay_gold_behind_fungi
D:5:      layout_loops_ring, vehumet_altar_wand_db, minmay_temple_entry_grid,
          uniq_crazy_yiuf_cottage
D:6:      layout_basic, cheibrodos_ashenzari_chains, nicolae_nh_ransacked_shop,
          uniq_prince_ribbit1
D:7:      layout_loops_ring, grunt_ministairs_8
D:8:      layout_basic, lemuel_coloured_pillars_altar, old_standard_altar,
          kennysheep_windowed_goal
D:9:      layout_cross, david_lair_generic, serial_glass, glass_columns_b,
          glass_columns_a, hangedman_decor_growths
D:10:     layout_loops_ring, zin_angel, enter_bailey_5,
          serial_library_hellmonk_layered_room, nicolae_zig_zag_zippers,
          uniq_grum
Temple:   compressed_dpeg_triangle_lava_temple
Bailey:   bailey_polearm_2, bailey

Skill      XL: |  1  2  3  4  5  6  7  8  9 10 |
---------------+-------------------------------+-----
Dodging        | 1 2 3 4 5 |  5.9
Armour         | 2 3 4 5 6 |  6.0
Stealth        | 1 2 3 |  3.6
Polearms       | 1 2 3 |  3.5
Alchemy        | 1 2 3 4 |  4.1
Fighting       | 4 5 6 7 |  7.3
Spellcasting   | 1 2 3 |  3.2
Axes           | 4 5 6 7 |  7.1
Maces & Flails | 1 2 3 |  3.6

Action                     |  1- 3 |  4- 6 |  7- 9 | 10-12 || total
---------------------------+-------+-------+-------+-------++-------
  Melee: Hand axe          |    86 |    60 |   374 |   102 ||   622
         Dagger            |    83 |    20 |       |       ||   103
         Morningstar       |       |    43 |    26 |       ||    69
         Broad axe         |       |       |       |    98 ||    98
  Evoke: Wand              |       |       |     1 |     8 ||     9
    Use: Scroll            |       |     4 |     4 |    12 ||    20
         Potion            |       |       |     9 |     2 ||    11
   Stab: Confused          |       |       |     6 |       ||     6
         Paralysed         |       |       |     2 |     3 ||     5
         Distracted        |       |       |       |     2 ||     2
 Armour: Leather armour    |    51 |       |       |       ||    51
         Chain mail        |     7 |    55 |   233 |   148 ||   443
  Dodge: Dodged            |    54 |    25 |    92 |    62 ||   233

Table legend: (Time is in decaauts)
 A = Elapsed time spent in this place.
 B = Non-inter-level travel time spent in this place.
 C = Inter-level travel time spent in this place.
 D = Time resting spent in this place.
 E = Time spent auto-exploring this place.
 F = Levels seen in this place.
 G = Mean time per level.
                   A        B        C        D        E       F      G
               +--------+--------+--------+--------+--------+-----+--------+
         Total |   9483 |   9016 |    467 |   1115 |   6357 |  12 |  790.2 |
       Dungeon |   8781 |   8314 |    467 |    623 |   6322 |  10 |  878.1 |
        Temple |      1 |      1 |      0 |      0 |      0 |   1 |    1.0 |
        Bailey |    700 |    700 |      0 |    492 |     35 |   1 |  700.0 |
               +--------+--------+--------+--------+--------+-----+--------+

Top non-repeatable levels by time:
     D:6: 1597 daAuts
     D:8: 1512 daAuts
     D:7: 1047 daAuts
     D:5: 982 daAuts
     D:1: 925 daAuts
     D:9: 742 daAuts
  Bailey: 700 daAuts
     D:4: 689 daAuts
     D:2: 659 daAuts
     D:3: 461 daAuts
    D:10: 163 daAuts
  Temple: 1 daAuts
